 Dungeon Crawl Stone Soup version 0.24.1-11-gbbbb2193e6 (webtiles) character file.

Game seed: 8431256721327951549, levelgen mode: deterministic

212 Hugehornet the Insei (level 5, -11/33 HPs)
             Began as an Octopode Transmuter on May 15, 2020.
             Blown up by Ijyb (28 damage)
             ... with a disintegration bolt
             ... on level 4 of the Dungeon.
             The game lasted 00:07:45 (4130 turns).

Hugehornet the Insei (Octopode Transmuter)          Turns: 4130, Time: 00:07:46

Health: -11/33     AC:  2    Str: 10    XL:     5   Next: 89%
Magic:  7/9        EV: 19    Int: 16    God:
Gold:   174        SH:  0    Dex: 17    Spells: 0/10 levels left

rFire    . . .     SeeInvis .     - Unarmed
rCold    . . .     Gourm    .   (shield currently unavailable)
rNeg     . . .     Faith    .   (helmet currently unavailable)
rPois    x         Spirit   .   (no amulet)
rElec    .         Reflect  .   f - ring of stealth
rCorr    .         Harm     .   (no ring)
MR       .....                  (no ring)
Stlth    +++.......             (no ring)
HPRegen  0.11/turn              (no ring)
MPRegen  0.11/turn              (no ring)
                                (no ring)
                                (no ring)

@: spider-form (expiring)
A: tiny, almost no armour, stealthy swim, (amphibious), 8 rings, (constrict 8)
a: End Transformation


You were on level 4 of the Dungeon.
You were not hungry.
You were a venomous arachnid creature.
You visited 1 branch of the dungeon, and saw 4 of its levels.

You collected 174 gold pieces.

Inventory:

Missiles
 a - 12 arrows
Jewellery
 f - a ring of stealth (left front leg)
Scrolls
 d - a scroll of fog {unknown}
 j - 2 scrolls of immolation {unknown}
 k - a scroll of remove curse
 l - 5 scrolls of teleportation {unknown}
 m - a scroll of magic mapping {unknown}
 o - a scroll of blinking {unknown}
Potions
 b - a potion of resistance {unknown}
 g - 3 potions of magic
 i - a potion of curing {unknown}
 n - a potion of cancellation {unknown}
Comestibles
 c - 10 rations


   Skills:
 - Level 1.0 Fighting
 - Level 2.0 Dodging
 + Level 3.7 Unarmed Combat
 + Level 3.2 Spellcasting
 * Level 3.6 Transmutations
 - Level 3.0 Poison Magic


You couldn't memorise any spells.
You knew the following spells:

 Your Spells              Type           Power        Failure   Level  Hunger
a - Beastly Appendage     Tmut           ##....       13%         1    None
b - Sticks to Snakes      Tmut           ##......     17%         2    ##.....
c - Spider Form           Tmut/Pois      ##........   32%         3    ###....
d - Ice Form              Ice/Tmut       #.......     83%         4    ####...

Your spell library contained the following spells:

 Spells                   Type           Power        Failure   Level  Hunger
 Blade Hands              Tmut           ##........   88%         5    ######.


Dungeon Overview and Level Annotations

Branches:
Dungeon (4/15)
 Temple: D:4-7

Altars:
Dithmenos
Wu Jian
Yredelemnul

Annotations:
D:4 Ijyb


Innate Abilities, Weirdness & Mutations

You cannot wear most types of armour.
You are very stealthy in the water. (Stealth+)
((You are amphibious.))
You can wear up to eight rings at the same time.
((You can use your tentacles to constrict eight enemies at once.))
((Your skin changes colour to match your surroundings (Stealth+).))
((Your rubbery body absorbs attacks. (AC +1, EV +1)))


Message History

Ijyb is too close now for your liking.
Ijyb is nearby!
Casting: Beastly Appendage (safe; 4% risk of failure)
Confirm with . or Enter, or press ? or * to list all spells.
Okay, then.
Casting: Beastly Appendage (safe; 4% risk of failure)
Confirm with . or Enter, or press ? or * to list all spells.
You turn into a venomous arachnid creature.
Ijyb shouts!
Your transformation is almost over.
You barely miss Ijyb. Ijyb completely misses you.
You hit Ijyb but do no damage.
Ijyb is poisoned.
Ijyb zaps a wand.
You are blasted!
Ouch! That really hurt!
* * * LOW HITPOINT WARNING * * *
You are too injured to fight recklessly!
You are too injured to fight recklessly!
You feel much better.
Ijyb zaps a wand.
You are blasted!
Ouch! That really hurt!
You die...

#...####.....##
......
#...#.##.###..
......
##.........#.# ....
###....#..#.####....
#....#...........
##.###.........#
#.##...##...##
#####.......#.#
##..#.sg..#
#.##........#
###....#....# ###..#
...# #### ###


You could see Ijyb.

Vanquished Creatures
  A centaur skeleton (D:4)
  An orc priest (D:4)
  7 adders
  An ooze (D:1)
  A worm (D:3)
  A dart slug (D:1)
  3 leopard geckos
  3 orcs (D:4)
  4 giant cockroaches
  14 goblins
  8 hobgoblins
  6 jackals
  A quokka (D:2)
  5 bats
  5 frilled lizards
  6 kobolds
  8 rats
75 creatures vanquished.

Notes
Turn   | Place    | Note
-------+----------+-------------------------------------------
     0 | D:1      | Hugehornet the Octopode Transmuter began the quest for the
                  | Orb.
     0 | D:1      | Reached XP level 1. HP: 13/13 MP: 3/3
   189 | D:1      | Reached XP level 2. HP: 9/18 MP: 1/5
   193 | D:1      | Learned a level 2 spell: Sticks to Snakes
   866 | D:1      | Reached XP level 3. HP: 23/23 MP: 4/6
   874 | D:1      | Learned a level 3 spell: Spider Form
  1100 | D:1      | Reached skill level 1 in Poison Magic
  1553 | D:2      | Reached XP level 4. HP: 14/28 MP: 6/8
  2958 | D:3      | Reached XP level 5. HP: 26/33 MP: 7/9
  3152 | D:3      | Found an ornate altar of the Wu Jian Council.
  3347 | D:3      | Found a shadowy altar of Dithmenos.
  3721 | D:4      | Found a basalt altar of Yredelemnul.
  3985 | D:4      | Noticed Ijyb
  4117 | D:4      | Learned a level 4 spell: Ice Form
  4130 | D:4      | Blown up by Ijyb

Levels and vault maps discovered:
D:1:      onia_arrival_pyramid, layout_loops_ring, serial_forest,
          infiniplex_forest_lined_3, infiniplex_forest_3_way,
          infiniplex_forest_lined_3_way, infiniplex_forest_lined_ring,
          infiniplex_forest_lined_3_way, infiniplex_forest_clump_long,
          infiniplex_forest_lined_3_way, minmay_strange_pillars,
          minmay_fountain_box
D:2:      layout_basic
D:3:      layout_basic, grunt_dithmenos_smoke_and_mirrors,
          nicolae_overflow_hidden_temple, first_ration
D:4:      layout_cave_pools, lemuel_crystal_altar,
          minmay_temple_entry_antechambers, uniq_ijyb

Skill      XL: |  1  2  3  4  5 |
---------------+----------------+-----
Transmutations | 3 |  3.6
Poison Magic   | 1 2 3 |  3.0
Spellcasting   | 3 |  3.2
Fighting       | |  1.0
Dodging        | |  2.0
Unarmed Combat | |  3.7

Action                   |  1- 3 |  4- 6 || total
-------------------------+-------+-------++-------
Melee: Unarmed           |    70 |    89 ||   159
       Constrict         |    21 |    19 ||    40
       Kick              |    16 |    20 ||    36
       Tentacles         |    11 |    11 ||    22
       Punch             |     1 |       ||     1
 Cast: Beastly Appendage |    21 |    23 ||    44
       Spider Form       |       |     2 ||     2
  Use: Scroll            |       |     5 ||     5
       Potion            |       |     1 ||     1
 Stab: Sleeping          |     5 |     8 ||    13
       Distracted        |     1 |       ||     1
  Eat: Chunk             |     2 |     5 ||     7
       Ration            |       |     1 ||     1
Armor: Skin              |     1 |     3 ||     4
Dodge: Dodged            |    41 |    50 ||    91
